[Event "Early-Titled-Tuesday-Blitz-February-06-2024"]
[Site "Chess.com"]
[Date "2024.02.06"]
[Round "5"]
[White "AndresDelgado77"]
[Black "anasta10"]
[Result "0-1"]
[WhiteElo "2355"]
[BlackElo "2547"]
[TimeControl "180+1"]
[EndTime "8:55:20 PST"]
[Termination "anasta10 won on time"]

1. e4 g6 2. d4 Bg7 3. Nf3 d6 4. Bc4 Nf6 5. Qe2 O-O 6. h3 d5 7.
exd5 Nxd5 8. O-O b6 9. Bxd5 Qxd5 10. Qxe7 Bxh3 11. Nc3 Qb7 12. Nb5 Bg4 13. Ne5 Nc6 14.
Qxc7 Qxc7 15. Nxc7 Nxe5 16. Nxa8 Nc6 17. Nc7 Nxd4 18.
Be3 Nxc2 19. Rac1 Nb4 20. a3 Nd3 21. Rc3 Nxb2 22. Rb3 Nc4 23. a4 Rc8 24. Nd5 Rd8 25. Rd3 Kf8 26. Nxb6 Rxd3 27. Nxc4 a6 28. Bc5+ Kg8 29.
Ne3 Be6 30. a5 h5 31. Rb1 Be5 0-1

[Event "Early-Titled-Tuesday-Blitz-February-06-2024"]
[Site "Chess.com"]
[Date "2024.02.06"]
[Round "5"]
[White "Kostukov_Alex"]
[Black "Mourinho_Jose"]
[Result "0-1"]
[WhiteElo "2305"]
[BlackElo "2483"]
[TimeControl "180+1"]
[EndTime "8:55:21 PST"]
[Termination "Mourinho_Jose won on time"]

1. g3 d5 2. Bg2 c6 3. d3 Nf6 4. e4 dxe4 5. dxe4 Qxd1+ 6. Kxd1 e5 7. f3 Bc5 8. Nd2 Be6 9. Bh3 O-O 10. Bxe6 fxe6 11. Nh3 Nbd7 12. Nb3 Bb6 13. a4 a6 14. Ke2 Nc5 15. Nd2 h6 16. Nc4 Bc7 17. Be3 Ncd7 18. Rhd1 b5 19. Nd2 Nb6 20. a5 Na4 21.
Nf2 Nxb2 22. Rdb1 Na4 23. Kf1 Bxa5 24. Nd3 Rfd8 25. Nb3 Bc3 26. Ra2 Nd7 27. Kg2 c5 28.
Nd2 Bd4 29. Bxd4 exd4 30. Ra3 Rac8 31. Nf4 Kf7 32. Rba1 Ndb6 33. h4 c4 34. h5 e5 35.
Ng6 Ke6 36. f4 exf4 37. gxf4 c3 38. f5+ Kf6 39. Nf3 d3 0-1

[Event "Early-Titled-Tuesday-Blitz-February-06-2024"]
[Site "Chess.com"]
[Date "2024.02.06"]
[Round "5"]
[White "Denis_Makhnyov"]
[Black "yosephtaher"]
[Result "1-0"]
[WhiteElo "3026"]
[BlackElo "2889"]
[TimeControl "180+1"]
[EndTime "8:55:22 PST"]
[Termination "Denis_Makhnyov won by resignation"]

1. d4 Nf6 2. c4 e6 3. Nc3 c5 4. d5 exd5 5. cxd5 d6 6. Bf4 a6 7. a4 g6 8. h3 Bg7 9. e3 O-O 10. Nf3 Re8 11. Nd2 Nh5 12. Bh2 Be5 13. Bxe5 Rxe5 14. Be2 Nf6 15. Nc4 Re8 16. a5 b5 17.
axb6 Bb7 18. O-O Qe7 19. Na5 Bc8 20. Bf3 Qd7 21. Qb3 Re7 22. e4 Bb7 23. Rfe1 Qc8 24. Nc4 Qd8 25. e5 dxe5 26. d6 Rd7 27. Na4 Nc6 28.
Bxc6 Bxc6 29. Nxc5 Rxd6 30. b7 Rb8 31. Nxd6 Qxd6 32.
Qc3 Nd5 33. Qxe5 Qd8 34. Rxa6 Bxb7 35. Rd6 Qc8 36. Nxb7 Qxb7 37. Rxd5 Qxb2 1-0

[Event "Early-Titled-Tuesday-Blitz-February-06-2024"]
[Site "Chess.com"]
[Date "2024.02.06"]
[Round "5"]
[White "Arystanner"]
[Black "simonachess"]
[Result "1-0"]
[WhiteElo "2864"]
[BlackElo "2335"]
[TimeControl "180+1"]
[EndTime "8:55:22 PST"]
[Termination "Arystanner won by resignation"]

1. d4 Nf6 2. Nf3 e6 3. e3 b6 4. Bd3 Bb7 5. O-O Be7 6. b3 O-O 7. Bb2 d6 8. Nbd2 Nbd7 9. e4 c5 10. e5 dxe5 11. dxe5 Nd5 12. a3 Nf4 13. Be4 Qc7 14. g3 Ng6 15. Qe2 Rfd8 16. Rad1 a5 17. a4 Bd5 18. Bxd5 exd5 19. e6 Ndf8 20. exf7+ Kxf7 21. Rfe1 Kg8 22. h4 Re8 23. Qd3 Rad8 24. h5 Nh8 25.
Be5 Qc6 26. Bf4 Nf7 27. Qf5 Bd6 28. Bxd6 Qxd6 29. Rxe8 Rxe8 30. Nc4 Qe6 31. Qxe6 Rxe6 32. Rxd5 h6 33. Nfe5 Nxe5 34. Rxe5 Rxe5 35. Nxe5 Ne6 36. c3 Nc7 37. Nc4 Nd5 38. f4 Kf7 39. Kf2 Ke7 40. Kf3 Kd7 41. g4 Kc6 42. Ne5+ Kd6 43. c4 Nf6 44.
Nd3 Ke6 45. Nf2 Ne8 46. Ne4 Nc7 47. g5 Kf5 48. Ng3+ Ke6 49. Kg4 Ne8 50. Nf5 hxg5 51. fxg5 Ke5 52. Nxg7 Nxg7 53. h6 Ne6 54. h7 1-0

[Event "Early-Titled-Tuesday-Blitz-February-06-2024"]
[Site "Chess.com"]
[Date "2024.02.06"]
[Round "5"]
[White "Gryffindorac8"]
[Black "deepfear"]
[Result "1-0"]
[WhiteElo "2360"]
[BlackElo "1971"]
[TimeControl "180+1"]
[EndTime "8:55:22 PST"]
[Termination "Gryffindorac8 won on time"]

1. d4 Nf6 2. c4 g6 3. Nc3 Bg7 4. e4 d6 5. Nf3 O-O 6. h3 e5 7. d5 a5 8. Be3 Nbd7 9. g4 Qe7 10. Be2 Nc5 11. Nd2 b6 12. h4 Qd7 13. Rg1 Rb8 14.
g5 Ne8 15. Bg4 Qd8 16. Bxc8 Qxc8 17. Qe2 f5 18. Bxc5 bxc5 19. O-O-O Qb7 20. Nb5 fxe4 21. Nxe4 a4 22. a3 Qc8 23. Kb1 Rf4 24. Ka2 Qb7 25.
h5 c6 26. dxc6 Qxc6 27. Nexd6 Nxd6 28. Rxd6 Qe4 29. Qxe4 Rxe4 30. hxg6 hxg6 31. Rxg6 Rxc4 32. Nc3 Rf4 33. Rd1 Rxf2 34. Rd7 1-0

[Event "Early-Titled-Tuesday-Blitz-February-06-2024"]
[Site "Chess.com"]
[Date "2024.02.06"]
[Round "5"]
[White "vasblesk"]
[Black "Orest_Vovk"]
[Result "0-1"]
[WhiteElo "2731"]
[BlackElo "2574"]
[TimeControl "180+1"]
[EndTime "8:55:23 PST"]
[Termination "Orest_Vovk won on time"]

1. d4 h6 2. e4 g5 3. h4 g4 4. Qxg4 d5 5. Qf3 dxe4 6. Qxe4 Nf6 7. Qd3 Nc6 8. c3 Qd5 9. Nf3 Bg4 10. Be2 O-O-O 11. Be3 e5 12. dxe5 Qxd3 13. Bxd3 Rxd3 14. exf6 Bxf3 15. gxf3 Rd6 16. Nd2 Rxf6 17. Ke2 Rg8 18. Rag1 Rfg6 19. Rxg6 Rxg6 20. Ne4 h5 21. Ng3 Bh6 22.
Nxh5 Bxe3 23. fxe3 Rg2+ 24. Kd3 f5 25. e4 fxe4+ 26.
fxe4 Ne5+ 27. Kd4 Ng6 28. Nf6 Rd2+ 29. Ke3 Rxb2 30. Rg1 Ne7 31. Rg7 Kd8 32. h5 Rh2 33. Rh7 c5 34. Kf4 b5 35. Ke5 b4 36. cxb4 cxb4 37.
Ke6 Rxa2 38. Rxe7 Kc8 0-1

[Event "Early-Titled-Tuesday-Blitz-February-06-2024"]
[Site "Chess.com"]
[Date "2024.02.06"]
[Round "5"]
[White "JoachimBN"]
[Black "viniciusrego"]
[Result "1-0"]
[WhiteElo "2616"]
[BlackElo "2445"]
[TimeControl "180+1"]
[EndTime "8:55:23 PST"]
[Termination "JoachimBN won by resignation"]

1. d4 Nf6 2. c4 e6 3. Nc3 Bb4 4. f3 d5 5. a3 Bxc3+ 6. bxc3 c5 7. cxd5 Nxd5 8. Qd2 Qa5 9. e4 Nf6 10. Rb1 cxd4 11. cxd4 Qxd2+ 12. Bxd2 Nc6 13. Bb5 O-O 14. Ne2 Rd8 15. Be3 Bd7 16. Kf2 a6 17. Bd3 b5 18.
Rhc1 Rac8 19. Rc5 Na5 20. Bd2 Nc4 21. Bxc4 bxc4 22. Rxc8 Rxc8 23. Rb6 Rc6 24. Rb8+ Rc8 25. Rb7 Kf8 26. Bb4+ Ke8 27. Nc3 Ng8 28. Ke3 Ne7 29. Bxe7 Kxe7 30. d5 exd5 31. exd5 Re8 32. Kd4 Kd8 33. Kxc4 Re1 34. Ne4 f5 35. Nc5 Bb5+ 36. Kd4 Rd1+ 37. Ke5 Kc8 38. Rxg7 Bc4 39. Rd7 f4 40. Rd6 Bb5 41. Ne4 Bc4 42. Rc6+ 1-0

[Event "Early-Titled-Tuesday-Blitz-February-06-2024"]
[Site "Chess.com"]
[Date "2024.02.06"]
[Round "5"]
[White "PolandHussars"]
[Black "KetiTsatsalashvili"]
[Result "0-1"]
[WhiteElo "2572"]
[BlackElo "2440"]
[TimeControl "180+1"]
[EndTime "8:55:23 PST"]
[Termination "KetiTsatsalashvili won by checkmate"]

1. e4 c5 2. Ne2 d6 3. g3 Nf6 4. Bg2 g6 5. c3 Bg7 6. d4 cxd4 7. cxd4 O-O 8. Nbc3 e6 9. O-O d5 10. e5 Nfd7 11. Be3 Nc6 12. Qd2 Na5 13. b3 Re8 14.
Nb5 Bf8 15. Rac1 Nc6 16. g4 f6 17. f4 a6 18. Nbc3 Ba3 19. Rce1 Ne7 20. Ng3 Bb4 21.
Rc1 f5 22. gxf5 Nxf5 23. Nxf5 gxf5 24. Qe2 Nf8 25. Kh1 Bd7 26. Bf3 Re7 27. Rg1+ Kh8 28. Bh5 Be8 29. Bd2 Ba3 30. Rc2 Ng6 31. Qf2 Rg7 32.
Ne2 Rc8 33. Rc3 Rxc3 34. Bxc3 Be7 35. Ng3 Nh4 36. Bxe8 Qxe8 37. Ne2 Rxg1+ 38. Qxg1 Qh5 39. Qf2 Nf3 40. Qg3 Nxe5 41. Ng1 Ng4 42. Kg2 Nf6 43.
h3 Ne4 44. Qe3 Qg6+ 45. Kh1 Ng3+ 46. Kh2 Nf1+ 47. Kh1 Nxe3 48. Kh2 Qg2# 0-1

[Event "Early-Titled-Tuesday-Blitz-February-06-2024"]
[Site "Chess.com"]
[Date "2024.02.06"]
[Round "5"]
[White "Balla_Tamas"]
[Black "LuisFSiles"]
[Result "1-0"]
[WhiteElo "2410"]
[BlackElo "2241"]
[TimeControl "180+1"]
[EndTime "8:55:23 PST"]
[Termination "Balla_Tamas won on time"]

1. e4 c5 2. c3 d5 3. exd5 Nf6 4.
d4 cxd4 5. cxd4 Nxd5 6. Nf3 g6 7.
Bc4 Bg7 8. Nc3 Nxc3 9. bxc3 O-O 10. O-O Nc6 11. Re1 Na5 12. Bb3 Qc7 13. Ba3 Re8 14. Ne5 Nxb3 15. Qxb3 Be6 16. d5 Bxe5 17. dxe6 f6 18.
Re3 Bxh2+ 19. Kh1 Bf4 20. Rh3 Rad8 21. Qa4 Bd6 22. Qh4 h5 23. Bb2 b5 24. Qe4 Kg7 25. Re1 Qc4 26. Qc2 Be5 27. Rhe3 b4 28. a4 Bxc3 29.
Bxc3 bxc3 30. Rxc3 Qb4 31. Rg3 Qxe1+ 32. Kh2 Qe5 33.
Qxg6+ 1-0

[Event "Early-Titled-Tuesday-Blitz-February-06-2024"]
[Site "Chess.com"]
[Date "2024.02.06"]
[Round "5"]
[White "LeoLV10"]
[Black "Susal_De_Silva"]
[Result "0-1"]
[WhiteElo "2501"]
[BlackElo "2762"]
[TimeControl "180+1"]
[EndTime "8:55:24 PST"]
[Termination "Susal_De_Silva won by checkmate"]

1. e4 e5 2. Nf3 Nc6 3. Bb5 a6 4. Ba4 Nf6 5. O-O Be7 6. Re1 b5 7. Bb3 O-O 8. c3 d5 9. exd5 Nxd5 10. Nxe5 Nxe5 11. Rxe5 c6 12. d4 Bd6 13. Re4 Bf5 14. Re1 Qh4 15. g3 Qh3 16. Bc2 Bg4 17. Qd3 Rae8 18. Bd2 Rxe1+ 19. Bxe1 g6 20. Qf1 Qh5 21.
Nd2 Re8 22. Bd3 Bh3 23. Bxg6 hxg6 24. Qd3 Bf5 25. Qf1 Re2 26. Qg2 Bg4 27. Rc1 Ne3 28.
Qxc6 Qh3 29. Qh1 Kg7 30. Qd5 Be6 31. Qf3 Bd5 32. Ne4 Qf1# 0-1

[Event "Early-Titled-Tuesday-Blitz-February-06-2024"]
[Site "Chess.com"]
[Date "2024.02.06"]
[Round "5"]
[White "Dubs123"]
[Black "ArturoCaceres"]
[Result "1-0"]
[WhiteElo "2321"]
[BlackElo "2491"]
[TimeControl "180+1"]
[EndTime "8:55:24 PST"]
[Termination "Dubs123 won on time"]

1. d4 e5 2. dxe5 d6 3. Nf3 Nc6 4. Bf4 d5 5. e3 Nge7 6. Nc3 Be6 7. Bb5 a6 8. Bxc6+ Nxc6 9. Nd4 Bb4 10. Nxe6 fxe6 11. O-O O-O 12. Ne2 Qd7 13. Bg3 Be7 14. Nd4 Nd8 15. c4 dxc4 16. Qc2 b5 17. Rad1 Qe8 18.
f4 c5 19. Nf3 Nc6 20. Qe4 Nb4 21. a3 Nd5 22. f5 Rd8 23. fxe6 Qc6 24. Nh4 Rxf1+ 25.
Rxf1 Qxe6 26. Nf5 Bf8 27. Qh4 Re8 28. e4 Nb6 29. Nd6 Bxd6 30. exd6 Qxe4 31. Qh5 g6 32. Qg5 Nd7 33. Qd2 Qd4+ 34. Qf2 1-0

[Event "Early-Titled-Tuesday-Blitz-February-06-2024"]
[Site "Chess.com"]
[Date "2024.02.06"]
[Round "5"]
[White "Franmu14"]
[Black "abhidabhi"]
[Result "0-1"]
[WhiteElo "2754"]
[BlackElo "2917"]
[TimeControl "180+1"]
[EndTime "8:55:25 PST"]
[Termination "abhidabhi won by checkmate"]

1. e4 e5 2. Nc3 Nc6 3. Nf3 Nf6 4. Bb5 Bc5 5. O-O O-O 6. d3 d6 7. h3 h6 8. Ne2 Ne7 9. c3 c6 10. Ba4 Ng6 11. Ng3 d5 12. Nxe5 Nxe5 13. d4 Nxe4 14. Nxe4 dxe4 15. dxe5 Qh4 16. Qe2 Re8 17. Be3 Rxe5 18.
Rad1 Bxh3 19. gxh3 Qxh3 20. Bc2 Bxe3 21. Qxe3 Rg5+ 22.
Qxg5 hxg5 23. Bxe4 Re8 24. Bg2 Qf5 25. Rfe1 Rxe1+ 26. Rxe1 g6 27. b3 Qc2 28. Re7 Qc1+ 29. Kh2 b6 30.
Bxc6 Qf4+ 31. Kg1 Qd6 32. Re8+ Kg7 33. Bg2 g4 34. Re3 f5 35. a4 f4 36. Re1 f3 37.
Bf1 g3 38. Bc4 Qd2 39. Rf1 g2 40. Rb1 Qh6 41. Rd1 Qh1# 0-1

[Event "Early-Titled-Tuesday-Blitz-February-06-2024"]
[Site "Chess.com"]
[Date "2024.02.06"]
[Round "5"]
[White "LangesNasenhaar"]
[Black "ViralduS"]
[Result "0-1"]
[WhiteElo "2492"]
[BlackElo "2729"]
[TimeControl "180+1"]
[EndTime "8:55:25 PST"]
[Termination "ViralduS won by checkmate"]

1. d4 Nf6 2. Bg5 c5 3. Bxf6 gxf6 4. d5 f5 5. c4 Qb6 6. Qc2 Bg7 7. Nc3 d6 8. e3 Nd7 9. Nge2 Nf6 10. Ng3 e6 11.
Bd3 Bd7 12. O-O h5 13. a3 h4 14. Nge2 h3 15. g3 Ng4 16. b4 Rc8 17. bxc5 Qxc5 18.
Rab1 b6 19. Nd4 Bxd4 20. exd4 Qxd4 21. dxe6 fxe6 22. Be2 Ne5 23. Rbd1 Qc5 24. Qd2 Kf7 25. Qg5 Rcg8 26. Bh5+ Rxh5 27. Qxh5+ Rg6 28. Qxh3 Nf3+ 29. Kh1 Bc6 30. Qh7+ Rg7 31. Qh5+ Kg8 32. Nd5 Ng5 33. Kg1 exd5 34. h4 Nf7 35. cxd5 Bd7 36. Rfe1 Rxg3+ 37. Kh2 Qxf2+ 38. Kh1 Qg2# 0-1

[Event "Early-Titled-Tuesday-Blitz-February-06-2024"]
[Site "Chess.com"]
[Date "2024.02.06"]
[Round "5"]
[White "Muslim_player_05"]
[Black "allvim"]
[Result "0-1"]
[WhiteElo "2497"]
[BlackElo "2361"]
[TimeControl "180+1"]
[EndTime "8:55:25 PST"]
[Termination "allvim won on time"]

1. d4 Nf6 2. c4 e6 3. Nc3 Bb4 4.
e3 O-O 5. Bd3 d5 6. Nf3 c5 7. O-O Nc6 8. cxd5 exd5 9. dxc5 Bxc5 10. h3 d4 11. Na4 Bb6 12. Nxb6 Qxb6 13. exd4 Rd8 14. Be3 Qxb2 15. Qb1 Qxb1 16. Raxb1 Nd5 17. Rfc1 Nce7 18. Ne5 f6 19. Nc4 b6 20. a4 Nxe3 21. fxe3 Ba6 22. a5 Nd5 23. Kf2 Rac8 24. axb6 Nxb6 25. Nxb6 Rxc1 26. Rxc1 Bxd3 27. Na4 a5 28.
Nc5 Bg6 29. Nb7 Ra8 30. d5 a4 31. d6 Bf5 32. g4 Bd7 33. Rc7 a3 34. Rc1 Rb8 35.
Nc5 Rc8 36. Nd3 Rxc1 37. Nxc1 Kf7 38. Ke2 Be6 39. Kd2 a2 40. d7 Ke7 41. d8=Q+ Kxd8 0-1

[Event "Early-Titled-Tuesday-Blitz-February-06-2024"]
[Site "Chess.com"]
[Date "2024.02.06"]
[Round "5"]
[White "JohnWhite1952"]
[Black "NM_Antelacus"]
[Result "0-1"]
[WhiteElo "1969"]
[BlackElo "2230"]
[TimeControl "180+1"]
[EndTime "8:55:25 PST"]
[Termination "NM_Antelacus won on time"]

1. e4 c5 2. Nf3 Nc6 3. d4 cxd4 4. Nxd4 Nf6 5. Nc3 e5 6. Ndb5 d6 7. Na3 a6 8. f3 b5 9. Nd5 Be6 10. c4 b4 11. Nxf6+ Qxf6 12. Nc2 a5 13. Be3 Be7 14. b3 O-O 15. Be2 Qg6 16. O-O Kh8 17. Kh1 f5 18. Bd3 f4 19. Bf2 Qh6 20. Rc1 Rad8 21. Qe2 Bh4 22.
Bxh4 Qxh4 23. Qf2 Qxf2 24. Rxf2 a4 25. bxa4 Ra8 26. Rb1 Rxa4 27. Kg1 Rfa8 28. a3 bxa3 29. Ra1 a2 30. Ne1 Bxc4 31. Bxc4 Rxc4 32. Rfxa2 Rxa2 33. Rxa2 Kg8 34. Ra6 Kf7 35. Nd3 Rc2 36. Kf1 Ke6 37. Rb6 Nd4 38. Rb7 Rd2 39. Nf2 Nc2 40. Rc7 Ne3+ 41. Ke1 Ra2 42. Rc1 Nxg2+ 43. Kf1 Ne3+ 44.
Kg1 g5 45. Nh3 h6 46. Nf2 Kf6 47. h3 h5 48. Rb1 g4 49. hxg4 hxg4 50. Nxg4+ Nxg4 51. fxg4 Kg5 52. Rb6 Rd2 53. Kf1 Kxg4 54. Ke1 Rd4 0-1

[Event "Early-Titled-Tuesday-Blitz-February-06-2024"]
[Site "Chess.com"]
[Date "2024.02.06"]
[Round "5"]
[White "Vladimir_Zakhartsov"]
[Black "viktorskliarov"]
[Result "1-0"]
[WhiteElo "2832"]
[BlackElo "2632"]
[TimeControl "180+1"]
[EndTime "8:55:26 PST"]
[Termination "Vladimir_Zakhartsov won by resignation"]

1. Nf3 g6 2. d4 Bg7 3. e4 d6 4. c3 Nf6 5. Bd3 O-O 6. O-O Bg4 7. Nbd2 c5 8. d5 Nbd7 9. h3 Bxf3 10. Nxf3 Qc7 11. Qe2 Rac8 12. a4 c4 13. Bc2 Nc5 14.
Re1 Na6 15. Be3 Nd7 16. Nd4 b6 17. Nc6 Ne5 18. Nd4 Nc5 19. Nb5 Qb7 20. Na3 Ncd3 21.
Reb1 f5 22. exf5 Qxd5 23. fxg6 Nxg6 24. Rd1 Nh4 25. Qg4 Nf5 26. Bg5 e5 27. b3 e4 28. Nxc4 Rxc4 29. bxc4 Qe5 30. Bxd3 exd3 31. Rxd3 Rc8 32. Rad1 Qe6 33. Rxd6 Qf7 34. Rd7 Qg6 35. Rd8+ Rxd8 36. Rxd8+ Kf7 37. Rd7+ Kg8 38. Rd5 h5 39. Qxf5 1-0

[Event "Early-Titled-Tuesday-Blitz-February-06-2024"]
[Site "Chess.com"]
[Date "2024.02.06"]
[Round "5"]
[White "Tesla37"]
[Black "MokshAD1603"]
[Result "0-1"]
[WhiteElo "2834"]
[BlackElo "2603"]
[TimeControl "180+1"]
[EndTime "8:55:26 PST"]
[Termination "MokshAD1603 won by resignation"]

1. e4 e5 2. Nf3 Nc6 3. g3 Nf6 4. d3 d5 5. exd5 Nxd5 6. Bg2 Bc5 7. O-O O-O 8. Re1 Re8 9. Nc3 Nxc3 10. bxc3 h6 11.
Bd2 Bf5 12. Rb1 Bb6 13. c4 Qd7 14. Nh4 Bg4 15. Qc1 Nd4 16. Kf1 Bh3 17. Be3 Rad8 18.
Kg1 Bxg2 19. Kxg2 Ba5 20. Rf1 Qc6+ 21. f3 g5 22. Bxd4 exd4 23. Nf5 Re2+ 24. Rf2 Rde8 25. Rb5 Bc3 26. Rd5 Re1 27. Qa3 Qf6 28. Qxa7 c6 29.
Rc5 Bb4 30. h4 Bxc5 31. Qxc5 R1e5 32. Qxd4 Rxf5 33. Qg4 Qg6 34. h5 Qf6 35. f4 Kh8 36. Kh3 gxf4 37. gxf4 Rg8 38. Qf3 Qg7 0-1

[Event "Early-Titled-Tuesday-Blitz-February-06-2024"]
[Site "Chess.com"]
[Date "2024.02.06"]
[Round "5"]
[White "annamaja"]
[Black "ChainedDowntohell"]
[Result "0-1"]
[WhiteElo "2387"]
[BlackElo "2562"]
[TimeControl "180+1"]
[EndTime "8:55:26 PST"]
[Termination "ChainedDowntohell won on time"]

1. e4 c5 2. Nf3 a6 3. c4 Nc6 4.
d4 cxd4 5. Nxd4 Nf6 6. Nc3 e5 7. Nf5 d6 8. Bg5 Bxf5 9. exf5 Be7 10. Bxf6 Bxf6 11. Nd5 O-O 12. Bd3 Nd4 13. O-O Rc8 14. Kh1 b5 15. cxb5 axb5 16. Rc1 Bg5 17. Rxc8 Qxc8 18. f6 Qe6 19. Bxh7+ Kxh7 20. Qh5+ Bh6 21. fxg7 Kxg7 22. Ne3 Qg6 23. Qd1 Rh8 24. f4 Kg8 25. Nd5 Qe6 26. Nc7 Qd7 27. fxe5 dxe5 28. Na6 Bf4 29. g3 Qd5+ 30. Kg1 Be3+ 0-1

[Event "Early-Titled-Tuesday-Blitz-February-06-2024"]
[Site "Chess.com"]
[Date "2024.02.06"]
[Round "5"]
[White "FLYD"]
[Black "colegiodemadrid"]
[Result "1-0"]
[WhiteElo "2081"]
[BlackElo "2498"]
[TimeControl "180+1"]
[EndTime "8:55:26 PST"]
[Termination "FLYD won by resignation"]

1. e4 c6 2. d4 d5 3. Nc3 dxe4 4.
Bc4 Nf6 5. f3 e3 6. Bxe3 g6 7.
Qd2 Bg7 8. O-O-O O-O 9. h4 b5 10. Bb3 a5 11. a4 b4 12. Ne4 Nd5 13. Bh6 Qc7 14. Ne2 Ba6 15. Rde1 Bxe2 16. Rxe2 Bxh6 17. Qxh6 Qf4+ 18. Qxf4 Nxf4 19. Rd2 Nd7 20. g3 Nd5 21. Re1 Kg7 22. Rde2 e6 23. Nd6 Ra7 24. h5 Rc7 25. hxg6 hxg6 26. Rh2 N7f6 27. Reh1 Rd7 28. Nc4 Ra7 29. Ne5 Rc7 30. g4 c5 31. dxc5 Rxc5 32.
g5 Nh5 33. Nd7 Rfc8 34. Nxc5 Rxc5 35. Bxd5 Rxd5 36. Rg1 Rf5 37. Rf2 Nf4 38. Rg4 Nh3 39.
Rfg2 Rxf3 40. R4g3 Rf1+ 41. Kd2 Rh1 42. Rf3 e5 43. c3 Nf4 44. Rgf2 bxc3+ 45. Kxc3 Rc1+ 46. Kb3 Rg1 47. Kc4 Rxg5 48. Re3 Ne6 49. Kb5 Nd4+ 50. Kxa5 e4+ 51. Kb6 f5 52. a5 f4 53. Rxe4 Nf5 54. Rfxf4 Nd6 55. Re7+ Kh6 56. Rh4+ Rh5 57. Rxh5+ gxh5 58. Re6+ 1-0

[Event "Early-Titled-Tuesday-Blitz-February-06-2024"]
[Site "Chess.com"]
[Date "2024.02.06"]
[Round "5"]
[White "GoValya"]
[Black "SergioMoralesG"]
[Result "0-1"]
[WhiteElo "2271"]
[BlackElo "2453"]
[TimeControl "180+1"]
[EndTime "8:55:26 PST"]
[Termination "SergioMoralesG won by checkmate"]

1. d4 d5 2. Nf3 Nf6 3. g3 Bf5 4. Bg2 e6 5. O-O h6 6. c4 c6 7. Nc3 Nbd7 8. Nd2 Be7 9. e4 dxe4 10. Ndxe4 O-O 11. Bf4 Nb6 12. b3 Qd7 13. Nc5 Qc8 14. Qe2 Rd8 15. Rfd1 Bg4 16. f3 Bf5 17. N3e4 Nbd7 18. g4 Bg6 19. Rac1 Nxc5 20. Nxc5 Rxd4 21. Be3 Rxd1+ 22. Rxd1 Qc7 23. Nd3 Rd8 24. Nf4 Bh7 25. h4 e5 26. Nd3 e4 27. Nf2 exf3 28. Bxf3 Qg3+ 29. Bg2 Rxd1+ 30. Nxd1 Nxg4 31. Bd4 Bf8 32. Qf3 Qh2+ 33. Kf1 Qxh4 34. Kg1 Qe1+ 35. Qf1 Qh4 36. Qf3 Bc2 37. Qf1 Qh2# 0-1

[Event "Early-Titled-Tuesday-Blitz-February-06-2024"]
[Site "Chess.com"]
[Date "2024.02.06"]
[Round "5"]
[White "Eloist"]
[Black "Dinosaurio_1975"]
[Result "0-1"]
[WhiteElo "2427"]
[BlackElo "2594"]
[TimeControl "180+1"]
[EndTime "8:55:27 PST"]
[Termination "Dinosaurio_1975 won by checkmate"]

1. e4 c6 2. Nf3 d5 3. d3 e6 4.
Be2 Nf6 5. e5 Nfd7 6. d4 c5 7. c3 Nc6 8. O-O Be7 9. Be3 O-O 10.
Re1 cxd4 11. cxd4 f6 12. exf6 Bxf6 13. Nc3 Nb6 14. b3 Bd7 15. Qd2 Be8 16. Ng5 Nxd4 17. Bxd4 Bxg5 18. Qb2 Bf6 19. Rad1 Bxd4 20. Rxd4 Qf6 21.
Nd1 Bc6 22. f4 Rae8 23. Ne3 e5 24. Ng4 Qf5 25. fxe5 h5 26. Rf1 Qg5 27. h4 Qg6 28. Rxf8+ Rxf8 29. Nh2 Nd7 30. Nf3 Nc5 31. Qc1 Ne6 32.
Rd1 d4 33. Bc4 Bxf3 34. Bxe6+ Qxe6 35. gxf3 Rxf3 36. Qg5 Qh3 37. Qd8+ Kh7 38. Rd2 Rf1# 0-1

[Event "Early-Titled-Tuesday-Blitz-February-06-2024"]
[Site "Chess.com"]
[Date "2024.02.06"]
[Round "5"]
[White "LileKoridze"]
[Black "RantomOpening"]
[Result "1/2-1/2"]
[WhiteElo "2385"]
[BlackElo "2549"]
[TimeControl "180+1"]
[EndTime "8:55:27 PST"]
[Termination "Game drawn by repetition"]

1. d4 d5 2. c4 e6 3. Nf3 a6 4. cxd5 exd5 5. g3 Nf6 6. Bg2 c6 7. O-O Bd6 8. Nc3 O-O 9. Bg5 Bf5 10. Qd2 h6 11. Bf4 Ne4 12. Qc1 Nxc3 13. bxc3 Be4 14. Bxd6 Qxd6 15. c4 Nd7 16. cxd5 cxd5 17. Qb2 b5 18.
Rac1 Rfc8 19. Nd2 Bxg2 20. Kxg2 Nb6 21. Rxc8+ Rxc8 22. Rc1 Nc4 23. Qb3 Ne3+ 24. Qxe3 Rxc1 25. Ne4 Qc6 26. Nc5 Rxc5 27. dxc5 d4+ 28. Qf3 Qxc5 29.
Qa8+ Kh7 30. Qxa6 Qd5+ 31. Kg1 Qc4 32. Kf1 Qc1+ 33. Kg2 Qb2 34. Kf1 Qb1+ 35. Kg2 Qe4+ 36. Kg1 Qxe2 37. Qc8 Qf3 38. Qc2+ d3 39. Qd2 Qe2 40.
Qf4 Kg8 41. Qb8+ Kh7 42. Qxb5 Qe1+ 43. Kg2 d2 44. Qf5+ Kg8 45. Qc8+ Kh7 46. Qf5+ Kh8 47.
Qc8+ Kh7 48. Qf5+ 1/2-1/2

[Event "Early-Titled-Tuesday-Blitz-February-06-2024"]
[Site "Chess.com"]
[Date "2024.02.06"]
[Round "5"]
[White "Adekrisna123"]
[Black "Makswolf200817"]
[Result "1-0"]
[WhiteElo "2552"]
[BlackElo "2709"]
[TimeControl "180+1"]
[EndTime "8:55:29 PST"]
[Termination "Adekrisna123 won on time"]

1. d4 Nf6 2. Bf4 e6 3. e3 Be7 4. Nd2 b6 5. h3 Bb7 6. Ngf3 c5 7.
c3 d6 8. Bd3 Nbd7 9. O-O O-O 10. Bh2 cxd4 11. exd4 a6 12. Re1 Qc7 13. a4 Rfe8 14.
Qe2 Bf8 15. Nc4 Qc6 16. a5 e5 17. dxe5 dxe5 18. Ncxe5 Nxe5 19. Bxe5 Nd7 20. Qf1 bxa5 21. Bd4 Qc7 22. Ng5 h6 23. Nxf7 Nb6 24. Ne5 Nd5 25. Bc4 Rad8 26. Qd3 Bd6 27. Qe4 Bc5 28. Rad1 Bxd4 29. Rxd4 Rd6 30. Red1 Red8 31. Ng6 1-0

[Event "Early-Titled-Tuesday-Blitz-February-06-2024"]
[Site "Chess.com"]
[Date "2024.02.06"]
[Round "5"]
[White "Kotofeyca"]
[Black "Nf3c5"]
[Result "1-0"]
[WhiteElo "2428"]
[BlackElo "2556"]
[TimeControl "180+1"]
[EndTime "8:55:29 PST"]
[Termination "Kotofeyca won on time"]

1. d4 Nf6 2. c4 e6 3. Nf3 Bb4+ 4. Nbd2 O-O 5. a3 Be7 6. e4 d6 7. Bd3 e5 8. O-O exd4 9. Nxd4 Nfd7 10. N2f3 Bf6 11.
Re1 Nc5 12. Bf1 a5 13. b3 Re8 14. Qc2 a4 15. bxa4 Bd7 16. a5 Ba4 17. Qb1 Nc6 18.
Bb2 Nxd4 19. Bxd4 Bc6 20. Bxf6 Qxf6 21. Nd2 Nxe4 22. Nxe4 Bxe4 23. Rxe4 Rxe4 24. Qxe4 Qxa1 25. Qxb7 Re8 26. c5 dxc5 27. a6 Qxa3 28. a7 g6 29. Qb8 Kf8 30. g3 Qa1 31. Kg2 1-0

[Event "Early-Titled-Tuesday-Blitz-February-06-2024"]
[Site "Chess.com"]
[Date "2024.02.06"]
[Round "5"]
[White "Hikaru"]
[Black "DonkyDonkyDonkey"]
[Result "1-0"]
[WhiteElo "3313"]
[BlackElo "2914"]
[TimeControl "180+1"]
[EndTime "8:55:30 PST"]
[Termination "Hikaru won by resignation"]

1. e4 c5 2. Nf3 d6 3. d4 cxd4 4.
Qxd4 Nc6 5. Bb5 Bd7 6. Bxc6 Bxc6 7. Nc3 Nf6 8. Bg5 e6 9. O-O-O Be7 10. Qd3 Qa5 11. h4 h6 12. Bxf6 Bxf6 13. Nd4 Rc8 14. f4 Qb6 15. g3 Bxd4 16. Qxd4 Qxd4 17. Rxd4 Ke7 18. Rhd1 Rhd8 19. b3 Rc7 20. Kb2 a6 21. R1d2 Rcd7 22. a4 Rc7 23. R4d3 Rcd7 24. Re3 Kf8 25. Na2 d5 26. Nb4 d4 27. Re1 a5 28.
Nd3 b6 29. Ne5 Rc7 30. Ka3 Bb7 31.
c4 f6 32. Ng6+ Kf7 33. h5 d3 34. Kb2 Rd4 35. e5 Bf3 36. Kc3 Rcd7 37. f5 Bg4 38. fxe6+ Bxe6 39. Nf4 fxe5 40. Rxe5 Bg4 41. Nd5 R4xd5 42.
Rxd5 Re7 43. R2xd3 Re1 44. Rb5 Re6 45. Rd4 Bh3 46.
c5 bxc5 47. Rxc5 Re3+ 48. Rd3 Re1 49. Rxa5 Be6 50. Kb2 Re2+ 51. Ka3 Kf6 52. Rf3+ Ke7 53. Ra7+ Kd6 54. Rxg7 1-0